Map: Simulacrum LE

Players

eZpZ

  • Race: Zerg Zerg
  • League: Platinum
  • Spawn Location: 11:00

Tunkon - Winner!

  • Race: Zerg Zerg
  • League: Platinum
  • Spawn Location: 5:00

VOD

Have the link to the VOD?

Description

Time

  • Played on: April 16, 2020, 11:11 p.m.
  • Length: 17:13
Show
View Real Time Build Order
Export as new Build Order

eZpZ Zerg 

Build Orders: Hatch First 

Get SALT Encoding   

  12  0:01  Drone  
  13  0:08  Drone  
  14  0:16  Overlord  
  14  0:34  Drone x3  
  17  0:45  Drone  
  18  1:00  Hatchery  
  18  1:01  Drone  
  18  1:05  Extractor  
  18  1:08  Drone  
  18  1:21  Spawning Pool  
  18  1:22  Drone  
  18  1:30  Drone  
  19  1:40  Overlord  
  19  2:08  Queen  
  19  2:12  Overlord  
  21  2:15  Metabolic Boost  
  21  2:17  Zergling x4  
  21  2:21  Queen  
  25  2:26  Drone x2  
  27  2:35  Zergling x2  
  27  2:36  Zergling x2  
  29  2:46  Drone x2  
  30  2:58  Baneling Nest  
  29  3:00  Zergling x4  
  31  3:06  Drone x2  
  33  3:18  Drone x2  
  35  3:26  Drone  
  36  3:27  Extractor  
  36  3:30  Drone  
  36  3:31  Overlord  
  36  3:35  Overlord  
  36  3:48  Overlord  
  35  3:50  Overlord  
  35  3:51  Zergling x8  
  37  4:00  Zergling x6  
  37  4:12  Zergling x2  
  37  4:13  Zergling x2  
  39  4:21  Drone x2, Queen  
  43  4:27  Drone x2  
  45  4:33  Baneling x4  
  45  4:34  Baneling  
  45  4:42  Zergling x4  
  45  4:47  Zergling x8  
  46  4:55  Overlord  
  46  4:56  Zergling x2  
  42  5:11  Zergling x6  
  32  5:22  Drone x4  
  32  5:27  Drone x3  
  39  5:31  Drone  
  40  5:36  Drone  
  40  5:40  Baneling x4  
  41  5:44  Zergling x2  
  41  5:45  Zergling x2  
  38  5:59  Zergling x8  
  41  6:04  Extractor  
  41  6:05  Lair  
  41  6:06  Extractor  
  41  6:07  Drone x2  
  41  6:10  Queen  
  44  6:18  Drone x2  
  45  6:36  Baneling x2  
  45  6:37  Baneling x3  
  43  6:40  Zergling x10  
  43  6:41  Zergling x2  
  43  6:46  Drone x2  
  51  6:48  Spine Crawler x2  
  51  6:49  Spine Crawler  
  48  6:55  Drone x2  
  48  6:56  Drone x2  
  50  7:07  Drone x2  
  51  7:09  Baneling x2  
  51  7:10  Baneling  
  51  7:17  Drone x2  
  51  7:18  Spire  
  52  7:24  Drone x3  
  55  7:32  Zergling x2  
  55  7:36  Drone  
  55  7:37  Hatchery, Drone  
  56  7:50  Roach Warren  
  55  7:52  Extractor  
  55  7:53  Extractor  
  53  8:04  Baneling x4  
  53  8:16  Zergling x8  
  53  8:17  Zergling x8  
  61  8:32  Mutalisk x3  
  61  8:33  Mutalisk x2  
  69  8:55  Mutalisk x3  
  69  8:56  Mutalisk x2  
  78  9:07  Mutalisk  
  78  9:08  Mutalisk  
  81  9:18  Mutalisk  
  81  9:20  Overlord x3  
  81  9:31  Overlord x3  
  81  9:41  Mutalisk x2  
  84  9:56  Mutalisk x2  
  88  10:05  Overlord x3  
  88  10:06  Overlord  
  88  10:07  Baneling x5  
  88  10:08  Baneling  
  88  10:21  Drone x3  
  88  10:22  Drone  
  88  10:25  Queen  
  88  10:26  Drone x3  
  88  10:27  Drone  
  98  10:49  Zergling x12  
  104  10:59  Mutalisk x3  
  102  11:04  Overlord  
  102  11:10  Overlord, Mutalisk  
  98  11:16  Zergling x2  
  93  11:35  Burrow  
  93  11:36  Hatchery  
  93  11:39  Hatchery  
  90  11:47  Drone x5  
  94  11:55  Zergling x2  
  94  11:56  Zergling x6  
  94  12:00  Zergling x2  
  89  12:10  Zergling x4  
  91  12:25  Zergling x4  
  93  12:39  Zergling x6  
  93  12:42  Zergling x2  
  97  12:48  Overseer  
  97  13:08  Zergling x8  
  97  13:10  Drone  
  102  13:16  Drone x6  
  102  13:17  Drone  
  109  13:29  Zergling x8  
  113  13:34  Zergling x2  
  113  13:37  Overseer  
  114  13:43  Roach x2  
  114  13:44  Roach x2  
  114  13:46  Hydralisk Den  
  119  14:02  Roach x4, Zergling x6  
  130  14:07  Queen  
  130  14:09  Queen  
  134  14:21  Roach x3, Zergling x8, Hydralisk  
  134  14:23  Queen  
  148  14:36  Roach x2, Zergling x4, Drone  
  155  14:41  Overseer  
  155  14:46  Pneumatized Carapace  
  155  14:53  Evolution Chamber  
  155  14:56  Evolution Chamber  
  155  14:58  Evolution Chamber  
  117  15:14  Roach x2, Zergling x4, Drone, Hydralisk x2  
  117  15:15  Roach x4, Zergling x8, Hydralisk  
  112  15:36  Mutalisk x3  
  112  15:37  Mutalisk x5  
  122  15:45  Infestation Pit  
  114  16:04  Roach x2, Zergling x6, Hydralisk  
  105  16:05  Roach, Zergling x2  
  99  16:13  Spine Crawler  
  99  16:14  Spine Crawler  
  99  16:15  Spine Crawler  
  99  16:17  Roach, Zergling x6  
  95  16:25  Zergling x8  
  91  16:31  Drone x3  
  90  16:39  Zergling x2  
  80  16:45  Hatchery  
  70  16:48  Spine Crawler  
  70  16:49  Spine Crawler, Mutalisk x2  
  70  16:50  Spine Crawler  
  70  16:51  Spine Crawler  
  68  16:55  Zergling x2  
  68  16:56  Zergling x8  
Show
View Real Time Build Order
Export as new Build Order

Tunkon Zerg - Winner!

Build Orders: Hatch First 

Get SALT Encoding   

  12  0:00  Drone  
  13  0:13  Overlord  
  13  0:17  Drone  
  14  0:32  Drone x2  
  16  0:49  Hatchery  
  15  0:53  Drone  
  15  0:56  Extractor  
  15  0:58  Drone  
  16  1:13  Spawning Pool  
  16  1:16  Drone  
  16  1:22  Drone  
  17  1:25  Drone  
  17  1:28  Drone  
  19  1:39  Drone  
  20  1:51  Overlord  
  21  2:01  Drone  
  21  2:02  Queen  
  21  2:04  Queen  
  25  2:11  Zergling x2  
  25  2:12  Zergling x2  
  27  2:21  Metabolic Boost  
  27  2:29  Drone x2  
  30  2:30  Drone  
  30  2:34  Drone x2  
  33  2:44  Drone  
  33  2:57  Hatchery  
  32  3:03  Queen  
  32  3:04  Drone x2  
  36  3:14  Overlord x2  
  36  3:17  Overlord  
  36  3:31  Roach Warren  
  35  3:43  Zergling x2  
  35  3:44  Zergling x12  
  34  4:07  Drone  
  34  4:08  Drone x4  
  38  4:22  Queen x2  
  42  4:26  Hatchery  
  40  4:55  Zergling x8  
  40  4:57  Roach x4  
  40  5:19  Drone  
  40  5:20  Drone x2  
  39  5:31  Roach x2, Queen  
  39  5:32  Queen  
  47  5:38  Evolution Chamber  
  46  5:45  Zergling x6  
  47  6:01  Roach x5  
  47  6:02  Queen  
  58  6:07  Overlord  
  58  6:14  Zerg Missile Weapons Level 1  
  58  6:25  Queen x2  
  62  6:26  Drone  
  62  6:27  Drone x3  
  62  6:29  Overlord  
  64  6:48  Drone  
  64  6:49  Drone x4  
  64  6:51  Drone x2  
  70  7:01  Lair  
  70  7:03  Drone  
  64  7:10  Drone x4  
  68  7:32  Drone x3  
  68  7:33  Drone x7  
  65  7:44  Drone  
  65  7:45  Drone x5  
  71  7:59  Drone x3  
  71  8:01  Overlord  
  71  8:03  Glial Reconstitution  
  71  8:04  Overlord  
  74  8:24  Drone x8  
  74  8:25  Drone  
  83  8:32  Drone  
  83  8:33  Drone x3  
  81  8:37  Zerg Ground Armor Level 1  
  81  8:44  Hydralisk Den  
  81  8:46  Overlord x3  
  78  9:20  Zergling x2  
  78  9:21  Zergling x24  
  89  9:35  Hydralisk  
  89  9:36  Hydralisk  
  93  9:38  Zergling x2  
  93  9:39  Zergling x8  
  97  10:06  Hydralisk x2  
  101  10:13  Extractor x2  
  99  10:14  Extractor  
  99  10:15  Drone x3  
  99  10:16  Extractor, Overlord x2, Drone x3  
  99  10:17  Overlord x2  
  103  10:36  Hydralisk  
  103  10:40  Drone x3  
  103  10:41  Drone x3  
  103  10:42  Overlord x2  
  108  10:50  Queen x3  
  109  10:59  Spore Crawler  
  109  11:02  Spore Crawler  
  109  11:03  Spore Crawler  
  76  11:25  Queen  
  76  11:26  Queen x2  
  76  11:30  Spore Crawler  
  76  11:32  Spore Crawler  
  64  11:46  Drone x9  
  69  11:53  Hydralisk Den, Overlord x5  
  69  11:54  Overlord x2  
  64  11:58  Drone x2  
  64  11:59  Drone x2  
  66  12:01  Queen x2  
  57  12:23  Spore Crawler  
  57  12:27  Hydralisk x2  
  57  12:28  Hydralisk x2  
  62  12:32  Zerg Missile Weapons Level 2  
  62  12:49  Drone x2  
  64  12:53  Hydralisk  
  64  12:54  Hydralisk x3  
  72  13:12  Hydralisk  
  74  13:18  Hydralisk  
  74  13:19  Hydralisk  
  78  13:25  Hatchery  
  73  13:32  Hydralisk  
  73  13:33  Hydralisk x2  
  79  13:42  Spore Crawler  
  79  13:43  Spore Crawler  
  79  13:45  Hydralisk  
  74  14:19  Hydralisk  
  74  14:20  Hydralisk x6  
  88  14:40  Drone  
  88  14:43  Queen  
  91  15:01  Roach  
  91  15:02  Roach x6  
  82  15:23  Hydralisk  
  82  15:24  Roach, Hydralisk x2  
  84  16:00  Roach  
  84  16:01  Roach x7  
  98  16:11  Roach  
  88  16:12  Drone  
  81  16:40  Roach x4, Hydralisk x2  
Tags
 
Add a new tag
Caveats
  • Supply blocks, unpowered buildings, or Contaminate may cause inaccurate times.
  • Supply counts are checked every 10 seconds.